 Dungeon Crawl Stone Soup version 0.31-a0-940-gdaa99269f9 (webtiles) character file.

Game seed: 11270188038640492962

192795 D12ThenQuit the Devastator (level 18, -9/122 HPs)
             Began as an Octopode Fighter on Oct 19, 2023.
             Was a High Priest of Vehumet.
             Collided with a crystal wall (16 damage)
             ... caused by a deep elf knight
             ... on level 2 of the Elven Halls on Oct 20, 2023.
             The game lasted 01:54:18 (41424 turns).

D12ThenQuit the Devastator (Octopode Fighter)      Turns: 41424, Time: 01:54:18

Health: -9/122     AC:  1    Str: 18 (19) XL:     18   Next: 25%
Magic:  33/33      EV: 22    Int: 23      God:    Vehumet [*****.]
Gold:   2780       SH: 14    Dex: 26      Spells: 13/39 levels left

rFire   + + .        a - +10 trident of Jyufex {protect, rF+ rN+ Dex+3}
rCold   . . .        f - +3 buckler
rNeg    + + .        (helmet restricted)
rPois   +            P - amulet of reflection
rElec   .            t - ring of protection from fire
rCorr   .            (no ring)
SInv    .            D - ring of positive energy
Will    ++++.        i - +6 ring of dexterity
Stlth   +++++        Q - ring of willpower
HPRegen 0.40/turn    R - ring of Qudoelul {+Blink Will+}
MPRegen 0.23/turn    U - +6 ring of intelligence
                     T - +6 ring of dexterity

%: reflection
@: very slightly contaminated, studying 2 skills
A: almost no armour, amphibious, 8 rings, camouflage 1, gelatinous body 1,
(nimble swimmer 1), tentacles, beak, deterioration 1, strong-willed 1, poison
resistance, strong 1
}: 1/15 runes: serpentine
a: Renounce Religion, Evoke Blink


You were on level 2 of the Elven Halls.
You worshipped Vehumet.
Vehumet was extremely pleased with you.
You visited 7 branches of the dungeon, and saw 30 of its levels.
You also visited: Bailey and Ice Cave.

You collected 3644 gold pieces.
You spent 864 gold pieces at shops.

Inventory:

Hand Weapons
 a - the +10 trident of Jyufex (weapon) {protect, rF+ rN+ Dex+3}
   (You found it on level 9 of the Dungeon)

   Dex+3:     It affects your dexterity (+3).
   rF+:       It protects you from fire.
   rN+:       It protects you from negative energy.
Missiles
 E - 2 throwing nets
 N - 25 poisoned darts
 S - 8 curare-tipped darts
Armour
 f - a +3 buckler (worn)
 g - a +0 buckler of cold resistance
Magical Staves
 h - a staff of fire
 n - a staff of cold
Jewellery
 i - a +6 ring of dexterity (on tentacle)
 r - a ring of ice
 t - a ring of protection from fire (left tentacle)
 v - the ring "Riruotzi" {Fire Will+ rCorr SInv}
   (You bought it in a shop on level 7 of the Dungeon)

   [ring of fire]

   Fire:      It enhances your fire magic.
   rF+:       It protects you from fire.
   rC-:       It makes you vulnerable to cold.
   Will+:     It increases your willpower.
   SInv:      It lets you see invisible.
   rCorr:     It protects you from acid and corrosion.
 D - a ring of positive energy (on tentacle)
 P - an amulet of reflection (around mantle)
 Q - a ring of willpower (on tentacle)
 R - the ring of Qudoelul (on tentacle) {+Blink Will+}
   (You bought it in a shop on level 7 of the Dungeon)

   [ring of willpower]

   Will+:     It increases your willpower.
   +Blink:    It lets you blink.
 T - a +6 ring of dexterity (on tentacle)
 U - a +6 ring of intelligence (on tentacle)
 Z - a ring of flight
Wands
 b - a wand of iceblast (4)
 l - a wand of flame (61)
 w - a wand of quicksilver (23)
 y - a wand of digging (5)
 B - a wand of polymorph (22)
 F - a wand of charming (8)
 O - a wand of mindburst (19)
Scrolls
 k - 2 scrolls of poison
 m - 5 scrolls of enchant weapon
 u - 3 scrolls of fog
 x - 2 scrolls of blinking
 z - a scroll of brand weapon
 C - 2 scrolls of vulnerability
 H - 2 scrolls of summoning
 I - 5 scrolls of teleportation
 J - 5 scrolls of fear
 K - 5 scrolls of enchant armour
 L - 2 scrolls of immolation
 M - 5 scrolls of amnesia
 X - 6 scrolls of identify
Potions
 c - 2 potions of attraction
 d - 7 potions of lignification
 e - 3 potions of resistance
 j - 3 potions of might
 o - 4 potions of heal wounds
 p - 2 potions of berserk rage
 q - 8 potions of curing
 s - a potion of mutation
 A - 3 potions of enlightenment
 G - 2 potions of haste
 V - a potion of invisibility
 W - 2 potions of ambrosia
 Y - a potion of magic


   Skills:
 - Level 10.5 Fighting
 - Level 2.0 Short Blades
 - Level 14.0 Polearms
 - Level 10.5 Dodging
 - Level 5.0 Stealth
 - Level 3.0 Shields
 - Level 11.0 Spellcasting
 - Level 16.1 Conjurations
 - Level 8.0 Transmutations
 - Level 3.6 Fire Magic
 + Level 13.1 Air Magic
 - Level 8.0 Evocations


You had 13 spell levels left.
You knew the following spells:

 Your Spells              Type           Power      Damage    Failure   Level
a - Foxfire               Conj/Fire      100%       2x1d9     1%          1
b - Arcjolt               Conj/Air       34%        1d44      1%          5
c - Iskenderun's Mystic   Conj/Tloc      49%        2d11      1%          4
d - Fulminant Prism       Conj/Hex       24%        3d12      1%          4
e - Orb of Destruction    Conj           36%        9d11      1%          7
f - Irradiate             Conj/Tmut      31%        3d22      1%          5

Your spell library contained the following spells:

 Spells                   Type           Power      Damage    Failure   Level
 Spellforged Servitor     Conj/Summ      24%        N/A       43%         7
 Magic Dart               Conj           100%       1d8       0%          1
 Sting                    Tmut/Pois      100%       1d8       1%          1
 Poisonous Vapours        Pois/Air       84%        N/A       1%          2
 Mephitic Cloud           Conj/Pois/Air  55%        N/A       1%          3
 Vhi's Electric Charge    Tloc/Air       84%        N/A       4%          4
 Starburst                Conj/Fire      27%        6d9       4%          6
 Frozen Ramparts          Ice            24%        1d4       5%          3
 Necrotise                Necr           48%        1d6       6%          1
 Slow                     Hex            48%        N/A       6%          1
 Summon Small Mammal      Summ           48%        N/A       6%          1
 Plasma Beam              Fire/Air       25%        2x1d37    9%          6
 Blink                    Tloc           24%        N/A       10%         2
 Call Imp                 Summ           24%        N/A       10%         2
 Yara's Violent Unravell  Hex/Tmut       15%        3d8       10%         5
 Petrify                  Tmut/Erth      31%        N/A       12%         4
 Olgreb's Toxic Radiance  Pois           12%        N/A       17%         4
 Call Canine Familiar     Summ           12%        N/A       19%         3
 Sigil of Binding         Hex            12%        N/A       19%         3
 Summon Guardian Golem    Hex/Summ       12%        N/A       19%         3
 Tukima's Dance           Hex            12%        N/A       19%         3
 Vampiric Draining        Necr           12%        2d6       19%         3
 Maxwell's Capacitive Co  Air            32%        ∞         43%         8
 Dimensional Bullseye     Hex/Tloc       6%         N/A       54%         4
 Leda's Liquefaction      Hex/Erth       6%         N/A       54%         4
 Manifold Assault         Tloc           12%        N/A       54%         4
 Passage of Golubria      Tloc           12%        N/A       54%         4
 Agony                    Necr           12%        N/A       87%         5
 Metabolic Englaciation   Hex/Ice        6%         N/A       87%         5


Dungeon Overview and Level Annotations

Branches:
Dungeon (15/15)            Temple (1/1) D:4            Lair (5/5) D:8
  Swamp (1/4) Lair:2        Snake (4/4) Lair:3        Slime (0/5) Lair:4
    Orc (2/2) D:12            Elf (1/3) Orc:2        Vaults (0/5) D:13
 Depths (0/4) D:15         Bailey (visited)           IceCv (visited)

Altars:
Ashenzari
Cheibriados
Dithmenos
Elyvilon
Fedhas
Gozag
Hepliaklqana
Kikubaaqudgha
Makhleb
Nemelex Xobeh
Okawaru
Qazlal
Ru
Sif Muna
Trog
Uskayaw
Vehumet
Wu Jian
Xom
Yredelemnul
Zin
The Shining One
Jiyva

Shops:
D:4 [   D:7 =   D:9 *   Orc:1 :   Orc:2 [:=:   Snake:1 (   Snake:2 *
Snake:4 (

Annotations:
Lair:1 exclusion: oklob plant
Lair:3 3 runed translucent doors, Dinouf's ghost, adept DsFE
Lair:4 1 runed translucent door


Innate Abilities, Weirdness & Mutations

You cannot wear most types of armour.
You are amphibious.
You can wear up to eight rings at the same time.
Your skin changes colour to match your surroundings (Stealth+).
Your rubbery body absorbs attacks. (AC +1, EV +1)
((You are camouflaged when in or above water. (Stealth+)))
You have tentacles for arms and can constrict up to eight enemies at once.
You have a beak for a mouth.
Your body sometimes deteriorates upon taking damage.
You are strong-willed. (Will+)
Your system is resistant to poisons. (rPois)
Your muscles are strong. (Str +4, Int/Dex -1)


Message History

The iceblast engulfs the deep elf blademaster!!
You kill the deep elf blademaster!
Vehumet accepts your kill.
You hear a shout!
You start resting.
A deep elf knight is nearby!
Okay, then.
Unknown command.
Casting: Irradiate (mildly dangerous; 1% risk of failure)
Confirm with . or Enter, or press ? or * to list all spells.
Okay, then.
Aiming: Mindburst
Press: ? - help, Shift-Dir - straight line, f - deep elf knight
Aim: a deep elf knight, wielding a +0 long sword (wandering, hasn't noticed you, chance to affect: 42%)
The deep elf knight shouts!
The deep elf knight resists with some effort.
Aiming: Mindburst
Press: ? - help, Shift-Dir - straight line, f/p - deep elf knight
Aim: a deep elf knight, wielding a +0 long sword (chance to affect: 42%)
The deep elf knight's mind is blasted!
The deep elf knight casts a spell.
The deep elf knight seems to speed up.
Aiming: Mindburst
Press: ? - help, Shift-Dir - straight line, f/p - deep elf knight
Aim: a deep elf knight, wielding a +0 long sword (moderately wounded, fast, chance to affect: 42%)
The deep elf knight resists with some effort.
Unknown command.
Okay, then.
Unknown command.
Magic courses through your body.
The deep elf knight gestures at you while chanting.
The shard of ice hits you!!!
* * * LOW HITPOINT WARNING * * *
You feel much better.
The deep elf knight gestures at you while chanting.
The lance of force hits you!!
* * * LOW HITPOINT WARNING * * *
You are knocked back by the lance of force.
You slam into the crystal wall!
You die...

.............)...##
..................##
.°.................##
.)..................#
....................#
.............e......#
...#.......#.......##
..*##.....###..)..##
.** ##...## ##..@##
** ##### #####
***********
,,,,,,,,,,*
,****,,**,*
,,,,,,,,,,*
*****,,**** *****,,*
,,,,,,,*


You could see a deep elf knight (fast).

Vanquished Creatures
  A deep elf blademaster (Elf:2)
  Aizul (Snake:2)
  15 nagarajas (Snake:4)
  Louise (D:14)
  A stone giant (D:15)
  An ironbound thunderhulk (D:13)
  A fire dragon (D:14)
  3 vault guards
  Erolcha (D:12)
  4 salamander tyrants (Snake:4)
  4 hydras
  5 centaur warriors
  3 anacondas
  2 ogre magi (D:15)
  18 two-headed ogres
  4 boulder beetles
  14 naga warriors
  6 death yaks (Lair:5)
  3 dancing weapons (Elf:2)
  2 tengu warriors (D:15)
  14 naga sharpshooters
  3 orc high priests (Orc:2)
  8 shock serpents
  4 deep elf knights
  Amaemon (D:8)
  A skyshark (Lair:2)
  4 skeletal warriors
  Lodul (D:12)
  A salamander mystic (Snake:3)
  A goliath frog (Swamp:1)
  2 bog bodies (IceCv)
  A swamp dragon (Swamp:1)
  An occultist (D:15)
  5 naga ritualists
  3 deep trolls
  Pikel (D:7)
  2 deep elf archers (Elf:1)
  9 orc knights
  9 deep elf pyromancers
  4 deep elf zephyrmancers
  11 mana vipers
  6 orc sorcerers
  A will-o-the-wisp (Swamp:1)
  2 ugly things
  15 salamanders
  A wolf spider (D:15)
  2 manticores
  4 cyclopes
  6 elephants
  An ice statue (IceCv)
  7 guardian serpents
  16 naga magi
  Joseph (D:8)
  A gargoyle (D:14)
  28 black mambas
  8 cane toads
  Jeremiah (D:8)
  Psyche (D:8)
  An orange demon (D:8)
  Maggie (D:7)
  An unseen horror (D:8)
  3 efreet
  A kobold demonologist (D:12)
  A yaktaur (shapeshifter) (D:14)
  A komodo dragon (Lair:5)
  2 freezing wraiths (D:15)
  A yaktaur (D:15)
  A polar bear (shapeshifter) (D:14)
  4 ice devils
  5 polar bears
  9 trolls
  Prince Ribbit (Bailey)
  2 tyrant leeches
  7 blink frogs
  7 hornets
  10 dream sheep
  14 spriggans (Lair:5)
  5 slime creatures
  4 wraiths
  A dire elephant simulacrum (IceCv)
  2 shadows
  9 humans
  44 yaks
  A vampire (D:10)
  A fire bat (D:5)
  8 wyverns
  6 basilisks
  A steam dragon (D:7)
  9 vampire mosquitoes
  A warg (Orc:1)
  3 death yak simulacra (IceCv)
  3 harpy simulacra (IceCv)
  37 nagas
  2 swamp worms
  12 water moccasins
  2 acid dragons
  28 orc warriors
  A sky beast (D:7)
  An ice beast (D:7)
  5 black bears
  3 boggarts (Lair:5)
  14 ogres
  32 wolves
  A wolf (shapeshifter) (D:8)
  A lemure (D:7)
  11 centaurs
  2 phantoms (D:6)
  20 bullfrogs
  Blork the orc (D:5)
  3 kobold brigands
  An earth elemental (Elf:1)
  2 gnoll sergeants
  8 two-headed ogre simulacra (IceCv)
  2 scorpions
  9 wights
  5 cane toad simulacra (IceCv)
  3 elephant simulacra (IceCv)
  12 killer bees
  An electric eel (D:6)
  2 vampire bats (Orc:2)
  5 howler monkeys
  5 hounds
  13 orc priests
  A jelly (D:5)
  3 gnoll boudas
  Ijyb (D:5)
  2 iguanas
  A sleepcap (D:6)
  18 orc wizards
  6 spriggan simulacra (IceCv)
  5 hell rats
  4 troll simulacra (IceCv)
  4 wolf simulacra (IceCv)
  4 adders
  17 gnolls
  6 naga simulacra (IceCv)
  6 white imps
  10 ufetubi
  3 dart slugs (D:1)
  41 orcs
  8 ball pythons
  11 bats
  8 endoplasms
  9 giant cockroaches
  8 goblins
  8 hobgoblins
  4 jackals (D:5)
  8 kobolds
  3 quokkas
  3 frilled lizards
  3 rats
896 creatures vanquished.

Vanquished Creatures (others)
  A deep elf zephyrmancer (Elf:1)
  An orc wizard (Orc:2)
  An orc (Orc:1)
  325 foxfires
  25 fulminant prisms
353 creatures vanquished.

Grand Total: 1249 creatures vanquished

Notes
Turn   | Place    | Note
-------+----------+-------------------------------------------
     0 | D:1      | D12ThenQuit the Octopode Fighter began the quest for the
                  | Orb.
     0 | D:1      | Reached XP level 1. HP: 16/16 MP: 1/1
   261 | D:1      | Reached XP level 2. HP: 21/21 MP: 2/2
   631 | D:1      | Reached XP level 3. HP: 26/26 MP: 3/3
  1647 | D:3      | Reached XP level 4. HP: 27/33 MP: 4/4
  1797 | D:3      | Noticed a scorpion
  1800 | D:3      | Killed a scorpion
  1801 | D:3      | Reached XP level 5. HP: 38/38 MP: 5/5
  2582 | D:4      | Noticed a phantom
  2871 | D:4      | Found a staircase to the Ecumenical Temple.
  2881 | Temple   | Entered the Ecumenical Temple
  2890 | Temple   | Became a worshipper of Vehumet
  2982 | D:4      | Found Wickebib's Antique Armour Shop.
  3167 | D:5      | Entered Level 5 of the Dungeon
  3203 | D:5      | Noticed Ijyb
  3211 | D:5      | Killed Ijyb
  3212 | D:5      | Reached skill level 5 in Fighting
  3212 | D:5      | Reached skill level 5 in Dodging
  3212 | D:5      | Reached XP level 6. HP: 39/45 MP: 6/6
  3401 | D:5      | Found a transporter.
  3482 | D:5      | Found a transporter.
  3486 | D:5      | Noticed a fire bat
  3503 | D:5      | Noticed Blork the orc
  4198 | D:5      | Reached XP level 7. HP: 43/51 MP: 7/7
  4301 | D:6      | Noticed a wyvern
  4601 | D:6      | Gained mutation: You are partially covered in iridescent
                  | scales. (AC +2) [potion of mutation]
  4601 | D:6      | Gained mutation: Your body sometimes deteriorates upon
                  | taking damage. [potion of mutation]
  4601 | D:6      | Gained mutation: Your magical capacity is low. (-10% MP)
                  | [potion of mutation]
  5343 | D:6      | Found a shadowy altar of Dithmenos.
  5344 | D:6      | Found an ornate altar of the Wu Jian Council.
  5586 | D:7      | Noticed Pikel
  5838 | D:6      | Reached XP level 8. HP: 17/58 MP: 7/7
  6120 | D:7      | Noticed Maggie
  6310 | D:7      | Found Lahoghuo's Jewellery Shop.
  6578 | D:7      | Noticed a two-headed ogre
  6649 | D:7      | Killed Pikel
  6780 | D:8      | Noticed Psyche
  6784 | D:8      | Killed Psyche
  6785 | D:8      | Reached XP level 9. HP: 67/67 MP: 8/8
  7578 | D:7      | Reached * piety under Vehumet
  7578 | D:7      | Offered knowledge of Foxfire by Vehumet.
  7761 | D:7      | Learned a level 1 spell: Foxfire
  7935 | D:8      | Reached skill level 1 in Conjurations
  7935 | D:8      | Reached skill level 1 in Fire Magic
  7940 | D:8      | Noticed Amaemon
  8197 | D:7      | Reached skill level 1 in Spellcasting
  8208 | D:8      | Reached skill level 2 in Conjurations
  8292 | D:8      | Killed an unseen horror
  8293 | D:8      | Reached XP level 10. HP: 12/74 MP: 0/11
  8299 | D:8      | Noticed a two-headed ogre
  8498 | D:9      | Identified the "Toakk"
  8498 | D:9      | Identified the "Himysaps"
  8498 | D:9      | Identified the "Jostrotis"
  8639 | D:7      | Reached skill level 3 in Conjurations
  8959 | D:9      | Found Athrarghiapi's General Store.
  8964 | D:9      | Identified the +10 trident of Jyufex {protect, rF+ rN+
                  | Dex+3}
  9102 | D:9      | Reached skill level 1 in Polearms
  9192 | D:9      | Found a shimmering blue altar of Sif Muna.
  9287 | D:9      | Offered knowledge of Momentum Strike by Vehumet.
  9360 | D:7      | Bought the ring "Riruotzi" {Fire Will+ rCorr SInv} for 474
                  | gold pieces
  9420 | D:8      | Noticed an orange demon
  9692 | D:9      | Reached ** piety under Vehumet
 10459 | D:10     | Entered Level 10 of the Dungeon
 10531 | D:10     | Reached skill level 5 in Polearms
 10640 | D:10     | Found a sparkling altar of Nemelex Xobeh.
 10710 | D:10     | Found a flagged portal.
 10710 | D:10     | Offered knowledge of Hailstorm by Vehumet.
 10720 | Bailey   | Entered a bailey
 10899 | Bailey   | Reached *** piety under Vehumet
 10904 | Bailey   | Reached XP level 11. HP: 73/80 MP: 12/12
 10913 | Bailey   | Noticed Prince Ribbit
 10950 | Bailey   | Killed Prince Ribbit
 11030 | Bailey   | Noticed a vault guard
 11036 | Bailey   | Noticed a vault guard
 11158 | Bailey   | Killed a vault guard
 11292 | Bailey   | Killed a vault guard
 11381 | Bailey   | Reached skill level 10 in Polearms
 11577 | D:10     | Noticed a two-headed ogre
 12280 | D:11     | Noticed a boulder beetle
 12280 | D:11     | Noticed a brown ugly thing
 12305 | D:11     | Killed a brown ugly thing
 12305 | D:11     | Offered knowledge of Fulminant Prism by Vehumet.
 12313 | D:11     | Learned a level 4 spell: Fulminant Prism
 12343 | D:11     | Noticed a two-headed ogre
 12741 | D:11     | Killed a boulder beetle
 12742 | D:11     | Reached skill level 1 in Evocations
 13308 | D:11     | Killed a two-headed ogre
 13373 | D:10     | Killed a two-headed ogre
 13421 | D:10     | Reached XP level 12. HP: 48/86 MP: 13/13
 13615 | D:8      | Killed a two-headed ogre
 13686 | D:8      | Noticed Jeremiah
 13711 | D:8      | Killed Jeremiah
 13712 | D:8      | Reached skill level 5 in Evocations
 13829 | D:8      | Noticed a two-headed ogre
 13859 | D:8      | Killed a two-headed ogre
 13921 | D:8      | Noticed Joseph
 13931 | D:8      | Killed Joseph
 13947 | D:8      | Noticed a centaur warrior
 13953 | D:8      | Killed a centaur warrior
 13956 | D:8      | Identified the +9 plate armour of the Four of Wands {Drain
                  | rF+ rC+ Str+7}
 14007 | D:8      | Noticed a two-headed ogre
 14011 | D:8      | Killed a two-headed ogre
 14024 | D:8      | Found the +0 pair of fencer's gloves {Riposte Dex+3}
 14070 | D:8      | Reached **** piety under Vehumet
 14113 | D:8      | Found a staircase to the Lair.
 14213 | D:7      | Bought the ring of Qudoelul {+Blink Will+} for 390 gold
                  | pieces
 14264 | Lair:1   | Entered Level 1 of the Lair of Beasts
 14531 | Lair:1   | Identified the +4 whip of the Ten Ziggurats {venom, Fragile
                  | rCorr Int-3 Dex+6}
 14580 | Lair:1   | Offered knowledge of Iskenderun's Mystic Blast by Vehumet.
 14601 | Lair:1   | Learned a level 4 spell: Iskenderun's Mystic Blast
 14674 | Lair:1   | Noticed a boulder beetle
 14748 | Lair:1   | Killed a boulder beetle
 14964 | Lair:1   | Reached skill level 5 in Spellcasting
 15292 | Lair:2   | Noticed a six-headed hydra
 15577 | Lair:2   | Reached XP level 13. HP: 67/90 MP: 18/18
 15735 | Lair:2   | Reached skill level 4 in Conjurations
 15736 | Lair:2   | Reached ***** piety under Vehumet
 15756 | Lair:2   | Offered knowledge of Yara's Violent Unravelling by Vehumet.
 15775 | Lair:2   | Reached skill level 5 in Conjurations
 15945 | Lair:2   | Reached skill level 6 in Conjurations
 16061 | Lair:2   | Found a staircase to the Swamp.
 16490 | Lair:2   | Reached skill level 7 in Conjurations
 16862 | Lair:2   | Learned a level 5 spell: Arcjolt
 16881 | Lair:3   | Reached skill level 1 in Air Magic
 17506 | Lair:3   | Identified the +3 trident of Menaupn {pain, rF- rN+ Str-4
                  | Dex+9}
 17512 | Lair:3   | Found a runed translucent gate.
 17512 | Lair:3   | Found a runed translucent gate.
 17512 | Lair:3   | Found a runed translucent gate.
 17541 | Lair:3   | Reached skill level 5 in Air Magic
 17892 | Lair:3   | Noticed Dinouf's ghost (adept DsFE)
 17895 | Lair:3   | Found a staircase to the Snake Pit.
 18389 | Lair:4   | Found a frozen archway.
 18405 | IceCv    | Entered an ice cave
 18751 | IceCv    | Offered knowledge of Orb of Destruction by Vehumet.
 18760 | IceCv    | Learned a level 7 spell: Orb of Destruction
 19044 | IceCv    | Reached skill level 8 in Conjurations
 19231 | IceCv    | Reached XP level 14. HP: 54/97 MP: 8/19
 19383 | IceCv    | Reached skill level 9 in Conjurations
 20138 | Lair:4   | Identified the +7 glaive of the Goat {heavy, rN+}
 20277 | Lair:4   | Offered knowledge of Conjure Ball Lightning by Vehumet.
 20608 | Lair:4   | Found a runed translucent door.
 20608 | Lair:4   | Found a viscous altar of Jiyva.
 20608 | Lair:4   | Noticed an acid blob
 20609 | Lair:4   | Noticed an acid blob
 20609 | Lair:4   | Noticed an acid blob
 20610 | Lair:4   | Found a staircase to the Slime Pits.
 20610 | Lair:4   | Noticed an acid blob
 20773 | Lair:5   | Entered Level 5 of the Lair of Beasts
 20792 | Lair:5   | Reached skill level 10 in Conjurations
 21249 | Lair:5   | Reached skill level 11 in Conjurations
 21666 | Lair:5   | Reached skill level 12 in Conjurations
 22283 | Lair:5   | Upgraded the game from 0.31-a0-931-g7b59d4eb97 to
                  | 0.31-a0-940-gdaa99269f9
 22623 | D:8      | Killed Amaemon
 22780 | D:7      | Killed Maggie
 22926 | D:6      | Reached skill level 13 in Conjurations
 23044 | D:5      | Killed Blork the orc
 23349 | D:12     | Offered knowledge of Bombard by Vehumet.
 23360 | D:12     | Noticed Erolcha
 24095 | D:12     | Found a staircase to the Orcish Mines.
 24195 | D:12     | Noticed Lodul
 24200 | D:12     | Reached XP level 15. HP: 65/102 MP: 13/21
 24207 | D:12     | Killed Erolcha
 24209 | D:12     | Killed Lodul
 24507 | D:13     | Lost mutation: You are partially covered in iridescent
                  | scales. (AC +2) [potion of mutation]
 24507 | D:13     | Lost mutation: Your magical capacity is low. (-10% MP)
                  | [potion of mutation]
 24507 | D:13     | Gained mutation: Your muscles are strong. (Str +4, Int/Dex
                  | -1) [potion of mutation]
 24507 | D:13     | Gained mutation: You are strong-willed. (Will+) [potion of
                  | mutation]
 24507 | D:13     | Gained mutation: You have a beak for a mouth. [potion of
                  | mutation]
 24507 | D:13     | Gained mutation: Your system is resistant to poisons.
                  | (rPois) [potion of mutation]
 25139 | D:13     | Reached skill level 14 in Conjurations
 25378 | D:13     | Found a gate to the Vaults.
 25948 | D:14     | Noticed Louise
 25983 | D:14     | Killed Louise
 26548 | D:15     | Entered Level 15 of the Dungeon
 26560 | D:15     | Offered knowledge of Ozocubu's Refrigeration by Vehumet.
 27194 | Orc:1    | Entered Level 1 of the Orcish Mines
 27223 | Orc:1    | Reached skill level 15 in Conjurations
 27441 | Orc:1    | Found Ugrus's Book Shoppe.
 27708 | Orc:2    | Identified the "Counog"
 27708 | Orc:2    | Entered Level 2 of the Orcish Mines
 27983 | Orc:1    | Noticed an orc warlord
 28226 | Orc:2    | Found a staircase to the Elven Halls.
 28442 | Orc:2    | Found a shimmering blue altar of Sif Muna.
 28565 | Orc:2    | Offered knowledge of Irradiate by Vehumet.
 29060 | Orc:2    | Reached XP level 16. HP: 60/108 MP: 29/29
 29698 | Orc:2    | Found Biuzoa's Book Emporium.
 29698 | Orc:2    | Found Hoosmubb's Armour Boutique.
 29700 | Orc:2    | Found Jeyph's Jewellery Emporium.
 29700 | Orc:2    | Found Ucsiaxe's Book Boutique.
 30189 | D:15     | Reached skill level 10 in Spellcasting
 30828 | D:15     | Found a staircase to the Depths.
 30856 | D:15     | Reached skill level 16 in Conjurations
 31309 | Snake:1  | Entered Level 1 of the Snake Pit
 31545 | Snake:1  | Reached skill level 1 in Stealth
 32074 | Snake:1  | Found Duxennuz's Weapon Shop.
 32874 | Snake:2  | Learned a level 5 spell: Irradiate
 32879 | Snake:2  | Noticed Aizul
 32904 | Snake:2  | Killed Aizul
 33002 | Snake:2  | Reached skill level 1 in Transmutations
 33020 | Snake:2  | Reached skill level 10 in Fighting
 33020 | Snake:2  | Reached skill level 10 in Dodging
 33777 | Snake:2  | Found Kawop's General Store.
 34683 | Snake:3  | Offered knowledge of Spellforged Servitor by Vehumet.
 35006 | Snake:3  | Reached skill level 5 in Stealth
 36281 | Snake:4  | Entered Level 4 of the Snake Pit
 36289 | Snake:3  | Reached XP level 17. HP: 103/116 MP: 31/31
 36814 | Snake:4  | Reached skill level 5 in Transmutations
 36996 | Snake:4  | Found Cufoolil's Antique Weapon Emporium.
 39081 | Snake:4  | Reached skill level 10 in Air Magic
 39938 | Snake:4  | Got a serpentine rune of Zot
 40235 | Swamp:1  | Entered Level 1 of the Swamp
 40245 | Swamp:1  | Reached XP level 18. HP: 122/122 MP: 18/33
 40523 | Elf:1    | Entered Level 1 of the Elven Halls
 41173 | Elf:1    | You fall into a shaft and drop 1 floor!
 41397 | Elf:2    | Noticed a deep elf blademaster
 41408 | Elf:2    | Killed a deep elf blademaster
 41424 | Elf:2    | Collided with a crystal wall

Illustrated notes

Levels and vault maps discovered:
D:1:      minmay_arrival_three_doors, layout_loops_corners,
          minmay_worlds_worst_comb
D:2:      layout_basic
D:3:      layout_basic
D:4:      layout_loops_cross, temple_hall, serial_shops,
          nicolae_shop_just_a_little_nook
D:5:      gammafunk_cloud_chamber, layout_loops_ring, grunt_ministairs_2,
          uniq_ijyb, uniq_blork_the_orc
D:6:      layout_basic, nicolae_overflow_squiral
D:7:      layout_loops_ring, serial_shops, nicolae_shop_tiny_waterfront,
          minmay_manual_mandibuliform, uniq_maggie, uniq_pikel
D:8:      minmay_the_grid_octo_tiled_octocenter
          [minmay_the_grid_octo_concentric, minmay_the_grid_octo_thin_diamonds,
          minmay_the_grid_octo_77, minmay_the_grid_octo_tetromino_candy,
          minmay_the_grid_octo_prize_single_spiral,
          minmay_the_grid_square_5x5_intrusive_squares,
          minmay_the_grid_square_5x5_two_walls_b,
          minmay_the_grid_square_5x5_almost_minimal,
          minmay_the_grid_square_5x5_six_small], layout_basic, uniq_jeremiah,
          uniq_joseph, uniq_amaemon, uniq_psyche
D:9:      layout_long_grid, amcnicky_altar_gilded, serial_shops,
          nicolae_shop_competitors_out_of_business
D:10:     layout_layer_cave, mainiacjoe_overflow_six_doors_small, enter_bailey_5
D:11:     layout_basic
D:12:     layout_cave_pools, uniq_lodul, uniq_erolcha
D:13:     layout_roguey, hellmonk_vaults_keyhole
D:14:     layout_roguey, uniq_louise
D:15:     hangedman_depths_entry_civil_slaughter, layout_basic,
          hangedman_abyss_or_decor_lesser_grid
Temple:   compressed_dpeg_circular_temple
Lair:1:   layout_roguey
Lair:2:   layout_regular_city, minmay_swamp_entry_worms,
          infiniplex_staircase_pool_2, grunt_megastairs_5
Lair:3:   layout_layer_cave, guppyfry_snake_entry_garden, gammafunk_ghost_icy
Lair:4:   layout_loops_ring, slime_entry_2, portal_ice_cave_demonic_guard,
          minivault_23, minivault_11, dreamdust_gnoll_shepherd
Lair:5:   minmay_lair_end_enchanted_forest, layout_long_grid, serial_forest,
          infiniplex_forest_clump_small, infiniplex_forest_join,
          infiniplex_forest_lined_room_2, infiniplex_forest_clump_long,
          infiniplex_forest_lined_3_way, infiniplex_forest_clump_large,
          infiniplex_forest_straight_4, infiniplex_forest_zigzag_2
Swamp:1:  layout_basic_swamp, evilmike_swamp_ruin_rubble_1,
          infiniplex_staircase_pool
Snake:1:  layout_basic, serial_shops, nicolae_shop_bloodbath_and_beyond
Snake:2:  layout_misc_corridors, serial_shops, nicolae_shop_advertising_works
          [nicolae_subvault_shop_adworks], uniq_aizul
Snake:3:  nicolae_snake_nest, layout_layer_cave, st_stairs_3
Snake:4:  grunt_snake_rune_spirals, layout_onion, serial_shops, shop,
          grunt_ministairs_11, nicolae_snake_mages_go_home, lemuel_fruit_tree
Orc:1:    hellmonk_paralyzer, layout_caves, special_room [special_room_orc],
          guppyfry_orc_lava_fort
Orc:2:    grunt_orc_tribal_feast, layout_diamond_mine, roderic_batcave,
          led_sif_book
Elf:1:    nicolae_elf_arrival_fired_up, layout_onion_city, evilmike_minifort
Elf:2:    nicolae_elf_blades_crystal_corner, layout_loops_ring,
          hangedman_elf_targeted_burst, uniq_jorgrun, uniq_zenata

Skill      XL: |  1  2  3  4  5  6  7  8  9 10 11 12 13 14 15 16 17 18 |
---------------+-------------------------------------------------------+-----
Fighting       | 4 5 6 8 9 10 | 10.5
Dodging        | 4 5 6 8 9 10 | 10.5
Conjurations   | 2 3 8 13 15 16 | 16.1
Fire Magic     | 2 3 |  3.6
Spellcasting   | 1 2 5 9 10 11 | 11.0
Polearms       | 8 12 14 | 14.0
Evocations     | 4 6 8 |  8.0
Air Magic      | 6 7 11 13 | 13.1
Stealth        | 5 |  5.0
Transmutations | 4 8 |  8.0
Short Blades   | |  2.0
Shields        | |  3.0

Action                     |  1- 3 |  4- 6 |  7- 9 | 10-12 | 13-15 | 16-18 || total
---------------------------+-------+-------+-------+-------+-------+-------++-------
  Melee: Rapier            |    94 |    99 |   185 |       |       |       ||   378
         Constrict         |    24 |    19 |    28 |    55 |   125 |    47 ||   298
         Tentacles         |    12 |    14 |    40 |   111 |   313 |   115 ||   605
         Punch             |     2 |     2 |     1 |     9 |    18 |     6 ||    38
         Trident           |       |       |    26 |   495 |  1249 |   566 ||  2336
         Falchion          |       |       |     3 |       |       |       ||     3
         Peck              |       |       |       |       |   128 |   128 ||   256
  Throw: Dart              |       |     5 |    23 |       |       |       ||    28
   Cast: Foxfire           |       |       |     9 |   136 |    17 |    29 ||   191
         Arcjolt           |       |       |       |       |    56 |    72 ||   128
         Fulminant Prism   |       |       |       |       |    16 |     9 ||    25
         Orb of Destructio |       |       |       |       |     7 |   112 ||   119
         Irradiate         |       |       |       |       |       |     9 ||     9
         Iskenderun's Myst |       |       |       |       |       |     2 ||     2
Ability: Evoke Blink       |       |       |       |     3 |     3 |       ||     6
  Evoke: Wand              |       |     1 |    15 |     7 |     7 |    16 ||    46
    Use: Potion            |       |     3 |     9 |       |     3 |     2 ||    17
         Scroll            |       |     3 |     5 |     2 |    13 |     6 ||    29
   Stab: Sleeping          |     8 |     3 |     1 |    11 |    23 |     2 ||    48
         Distracted        |       |       |       |     1 |     4 |     6 ||    11
 Armour: Skin              |    28 |    43 |   164 |   129 |   212 |   193 ||   769
  Dodge: Dodged            |    51 |    61 |   151 |   177 |   309 |   200 ||   949
  Block: Buckler           |    18 |    32 |    80 |   144 |   377 |   227 ||   878
         Reflection        |       |       |       |     1 |    19 |    60 ||    80
         Other             |       |       |       |       |     1 |       ||     1

Table legend: (Time is in decaauts)
 A = Elapsed time spent in this place.
 B = Non-inter-level travel time spent in this place.
 C = Inter-level travel time spent in this place.
 D = Time resting spent in this place.
 E = Time spent auto-exploring this place.
 F = Levels seen in this place.
 G = Mean time per level.
                   A        B        C        D        E       F      G
               +--------+--------+--------+--------+--------+-----+--------+
         Total |  40757 |  37784 |   2973 |  10291 |  16259 |  32 | 1273.7 |
       Dungeon |  19908 |  17712 |   2196 |   4169 |   7302 |  15 | 1327.2 |
        Temple |     18 |     18 |      0 |      0 |      0 |   1 |   18.0 |
          Lair |   6607 |   6212 |    395 |    811 |   4082 |   5 | 1321.4 |
         Swamp |     83 |     83 |      0 |     52 |      0 |   1 |   83.0 |
     Snake Pit |   8691 |   8415 |    276 |   3202 |   3513 |   4 | 2172.8 |
  Orcish Mines |   2724 |   2621 |    103 |   1040 |    956 |   2 | 1362.0 |
   Elven Halls |    626 |    626 |      0 |    302 |    102 |   2 |  313.0 |
        Bailey |    677 |    677 |      0 |     69 |    142 |   1 |  677.0 |
      Ice Cave |   1420 |   1420 |      0 |    645 |    162 |   1 | 1420.0 |
               +--------+--------+--------+--------+--------+-----+--------+

Top non-repeatable levels by time:
 Snake:4: 3677 daAuts
     D:8: 2121 daAuts
     D:7: 2113 daAuts
   Orc:2: 2088 daAuts
     D:6: 2058 daAuts
 Snake:3: 1855 daAuts
    D:11: 1695 daAuts
 Snake:2: 1595 daAuts
 Snake:1: 1562 daAuts
  Lair:3: 1527 daAuts
  Lair:5: 1471 daAuts
  Lair:2: 1471 daAuts
   IceCv: 1420 daAuts
     D:9: 1407 daAuts
    D:15: 1389 daAuts
